 Dungeon Crawl Stone Soup version 0.29.0-11-gd7f09526c8 (webtiles) character file.

Game seed: 13490973209100621415

206 Flugkiller the Chopper (level 5, -5/47 HPs)
             Began as a Minotaur Fighter on Sept 4, 2022.
             Slain by an orc priest
             ... wielding a +0 trident
              (7 damage)
             ... on level 3 of the Dungeon.
             The game lasted 00:00:46 (1597 turns).

Flugkiller the Chopper (Minotaur Fighter)           Turns: 1597, Time: 00:00:46

Health: -5/47      AC:  7    Str: 21    XL:     5   Next: 53%
Magic:  4/4        EV:  8    Int:  5    God:
Gold:   191        SH:  8    Dex: 11    Spells: 4/4 levels left

rFire   . . .      SeeInvis .   a - +0 war axe
rCold   . . .      Faith    .   j - +0 kite shield
rNeg    . . .      Spirit   .   b - +0 scale mail
rPois   .          Reflect  .   (helmet restricted)
rElec   .          Harm     .   (no cloak)
rCorr   .          Rampage  .   (no gloves)
Will    .....                   (no boots)
Stlth   ..........              (no amulet)
HPRegen 0.15/turn               (no ring)
MPRegen 0.09/turn               (no ring)

@: no status effects
A: horns 2, retaliatory headbutt
a: no special abilities


You were on level 3 of the Dungeon.
You visited 1 branch of the dungeon, and saw 3 of its levels.

You collected 191 gold pieces.

Inventory:

Hand Weapons
 a - a +0 war axe (weapon)
Armour
 b - a +0 scale mail (worn)
 c - a +0 buckler
 j - a +0 kite shield (worn)
   (You found it on level 2 of the Dungeon)
Scrolls
 h - 4 scrolls of identify {unknown}
 i - a scroll of enchant armour {unknown}
 k - a scroll of amnesia {unknown}
 l - a scroll of magic mapping {unknown}
 m - a scroll of torment {unknown}
Potions
 d - 2 potions of might
 e - a potion of flight {unknown}
 f - a potion of resistance {unknown}
 g - a potion of haste {unknown}


   Skills:
 + Level 4.8 Fighting
 * Level 5.3 Axes
 + Level 4.9 Armour
 - Level 3.6 Shields


You had 4 spell levels left.
You didn't know any spells.
Your spell library was empty.

Dungeon Overview and Level Annotations

Branches:
Dungeon (3/15)

Altars:
The Shining One


Innate Abilities, Weirdness & Mutations

You have a pair of horns on your head.
You reflexively headbutt those who attack you in melee.


Message History

A hobgoblin comes into view.
The hobgoblin shouts!
A hobgoblin is nearby!
A quokka and an orc priest come into view.
Found a scroll labelled ICSUVO SYATOY.
The orc priest shouts!
An orc comes into view. It is wielding a +0 short sword.
You block the hobgoblin's attack.
The orc shouts!
You slash the hobgoblin!
You kill the hobgoblin!
An orc wizard comes into view. It is wielding a +0 dagger.
The orc throws a boomerang.
You block the boomerang.
An orc comes into view. It is wielding a +0 short sword.
An orc wizard comes into view. It is wielding a +0 dagger.
The orc wizard shouts!
The orc shouts!
The orc priest invokes the aid of Beogh against you.
Beogh smites you!
You see here a hobgoblin corpse.
You block the quokka's attack.
The orc wizard mumbles some strange words.
The orc wizard flickers and vanishes!
Deactivating autopickup; reactivate with Ctrl-A.
The orc throws a boomerang.
The boomerang hits you but does no damage.
You miss the quokka. Your headbutt misses the quokka.
You block the quokka's attack.
The orc priest hits you from afar with a +0 trident.
The quokka barely misses you.
You hit the orc wizard. You headbutt the orc wizard.
The orc wizard is moderately wounded.
You closely miss the quokka.
The quokka bites you but does no damage.
You block the orc priest's attack.
The orc wizard hits you with a +0 dagger.
The quokka barely misses you.
You barely miss the orc wizard.
The orc wizard is moderately wounded.
You hit the quokka but do no damage. You block the orc priest's attack.
You block the quokka's attack. The orc priest barely misses you.
You barely miss the orc. You slash the quokka!
You kill the quokka!
You closely miss the orc. The orc barely misses you.
You block the orc's attack.
The orc priest calls down the wrath of Beogh upon you.
Beogh smites you!
You are too injured to fight recklessly!
You slash the orc!
You kill the orc!
You hit the orc wizard but do no damage.
You hit the orc but do no damage.
The orc wizard hits you with a +0 dagger.
The orc barely misses you. You block the orc priest's attack.
You are too injured to fight recklessly!
You are too injured to fight recklessly!
You are too injured to fight recklessly!
You barely miss something. You headbutt something. You miss the orc wizard.
You closely miss the orc.
The orc wizard hits you but does no damage.
You block the orc's attack. Something hits you but does no damage.
You block the orc priest's attack.
The orc priest mumbles some strange prayers to Beogh against you.
Something writhes in agony.
The orc wizard casts a spell.
The orc wizard flickers and vanishes!
You block something's attack. The orc closely misses you.
You block something's attack.
You hear some strange, mumbled words.
A magic dart appears from out of thin air!
The magic dart hits you.
The orc priest invokes the aid of Beogh against you.
Beogh smites you!
* * * LOW HITPOINT WARNING * * *
Things that are here:
a +0 short sword; a boomerang; an orc corpse You hit the orc priest.
You headbutt the orc priest, but do no damage.
The orc priest is moderately wounded.
You hit the orc but do no damage. You miss something.
You completely miss something. Something hits you but does no damage.
The orc hits you but does no damage. You block something's attack.
The orc priest miscasts a cantrip.
You barely miss the orc priest.
The orc priest is moderately wounded.
You hit the orc. You slash something! You barely miss something.
Something hits you but does no damage. The orc hits you but does no damage.
The orc priest barely misses you.
Something hits you but does no damage. x2
Something hits you.
* * * LOW HITPOINT WARNING * * *
You block the orc priest's attack. You block the orc's attack.
You hit the orc priest but do no damage.
The orc priest is moderately wounded.
You miss something. You slash something! You barely miss the orc.
You block something's attack. The orc hits you but does no damage.
You hear some strange, mumbled words.
A puff of flame appears from out of thin air!
The puff of flame hits you.
* * * LOW HITPOINT WARNING * * *
The orc priest hits you with a +0 trident!
You die...

##...........
#......##### ....
#......# .... #......#
.....
##.##########.....
#....# #......... ##
####.##.# #.........
.###...)##.# #.o.......
.........#.####{@.....#
#...>..#.#....†o{.....#
##.#<..#.#####......?.#
##...#.#.# #........#
.....#.#.#####......###
.##.......††........#
.#######.#####......#
.........# #......#
#######..# #^.....#


You could see an orc priest and an orc.

Vanquished Creatures
  A scorpion (D:3)
  Jessica (D:2)
  Terence (D:3)
  An adder (D:3)
  3 gnolls (D:2)
  A worm (D:2)
  2 dart slugs
  An orc (D:3)
  4 ball pythons
  6 bats
  4 endoplasms
  A giant cockroach (D:1)
  5 goblins
  4 hobgoblins
  3 jackals (D:2)
  4 kobolds
  3 quokkas
  2 frilled lizards (D:1)
  7 rats
54 creatures vanquished.

Notes
Turn   | Place    | Note
-------+----------+-------------------------------------------
     0 | D:1      | Flugkiller the Minotaur Fighter began the quest for the
                  | Orb.
     0 | D:1      | Reached XP level 1. HP: 19/19 MP: 0/0
    87 | D:1      | Reached skill level 3 in Axes
    87 | D:1      | Reached XP level 2. HP: 27/27 MP: 1/1
   191 | D:1      | Found a faded altar of an unknown god.
   544 | D:2      | Noticed Jessica
   551 | D:2      | Reached XP level 3. HP: 28/33 MP: 2/2
   552 | D:2      | Killed Jessica
   553 | D:2      | Reached skill level 4 in Axes
   745 | D:2      | Reached XP level 4. HP: 32/40 MP: 3/3
  1266 | D:3      | Noticed Terence
  1274 | D:3      | Killed Terence
  1275 | D:3      | Reached XP level 5. HP: 33/47 MP: 4/4
  1376 | D:3      | Reached skill level 5 in Axes
  1541 | D:3      | Found a glowing golden altar of the Shining One.
  1597 | D:3      | HP: 2/47 [something/puff of flame (1)]
  1597 | D:3      | Slain by an orc priest

Illustrated notes

Levels and vault maps discovered:
D:1:      dpeg_arrival_another_circle, layout_basic, basic_ecumenical_altar
D:2:      layout_rooms, dreamdust_mushroom_princess, uniq_jessica
D:3:      layout_basic, mainiacjoe_overflow_tiny_flanked,
          mainiacjoe_overflow_alcove_4, uniq_terence

Skill      XL: |  1  2  3  4  5 |
---------------+----------------+-----
Axes           | 3 4 5 |  5.3
Fighting       | 4 |  4.8
Armour         | 4 |  4.9
Shields        | |  3.6

Action                   |  1- 3 |  4- 6 || total
-------------------------+-------+-------++-------
Melee: War axe           |    55 |    59 ||   114
       Headbutt          |     3 |    14 ||    17
Armor: Scale mail        |    29 |    24 ||    53
Dodge: Dodged            |    35 |    27 ||    62
Block: Buckler           |    10 |     2 ||    12
       Kite shield       |       |    41 ||    41
